 Dungeon Crawl Stone Soup version 0.19.4-12-gccf7e64 (webtiles) character file.

287812 Jynx the Shatterer (level 19, -6/184 HPs)
             Began as a Minotaur Fighter on Feb 26, 2017.
             Was an Elder of Okawaru.
             Mangled by a spriggan berserker
             ... wielding a +0 quarterstaff
              (14 damage)
             ... on level 3 of the Depths.
             The game lasted 01:26:18 (35614 turns).

Jynx the Shatterer (Minotaur Fighter)              Turns: 35614, Time: 01:26:18

Health: -6/184     AC: 36    Str: 27    XL:     19   Next: 87%
Magic:  20/26      EV: 21    Int:  5    God:    Okawaru [****..]
Gold:   872        SH:  0    Dex: 15    Spells: 0 memorised, 18 levels left

rFire  . . .     SeeInvis +     A - +4 great mace (drain)
rCold  . . .     Gourm    .     c - +2 plate armour {rPois}
rNeg   . . .     Faith    .     (shield currently unavailable)
rPois  +         Spirit   .     L - +2 hat {MR+}
rElec  .         Reflect  .     H - +0 cloak "Buovek" {Dex+3}
rCorr  .         Harm     .     Y - +2 pair of gloves
MR     ++...                    O - +2 pair of boots {Fly}
Stlth  ..........               g - amulet of regeneration
                                I - ring of see invisible
                                e - +2 ring of slaying

@: heroism, finesse, flying
A: retaliatory headbutt, horns 2, thin metallic scales 1, mutation resistance 1
a: Heroism, Renounce Religion, Stop Flying
}: 2/15 runes: serpentine, barnacled


You were on level 3 of the Depths.
You worshipped Okawaru.
Okawaru was greatly pleased with you.
You were not hungry.

You visited 7 branches of the dungeon, and saw 35 of its levels.
You visited 1 bazaar.

You collected 3294 gold pieces.
You spent 2422 gold pieces at shops.

Inventory:

Hand Weapons
 A - a +4 great mace of draining (weapon)
 E - the +8 morningstar "Imp's Foe" {holy, rElec rN++ Stlth-}
   (You bought it in a shop on level 2 of the Snake Pit)

   It has been blessed by the Shining One to cause great damage to the undead
   and demons.
   It insulates you from electricity.
   It greatly protects you from negative energy.
   It makes you less stealthy.
Armour
 b - the +0 cloak "Dehuoj" {MR+ Regen+ Str-4 Slay+3}
   (Okawaru gifted it to you on level 3 of the Shoals)

   It affects your strength (-4).
   It affects your accuracy and damage with ranged weapons and melee attacks
   (+3).
   It affects your resistance to hostile enchantments.
   It increases your rate of regeneration.
 c - a +2 plate armour of poison resistance (worn)
 H - the +0 cloak "Buovek" (worn) {Dex+3}
   (You found it on level 3 of the Snake Pit)

   It affects your dexterity (+3).
 L - a +2 hat of magic resistance (worn)
 O - a +2 pair of boots of flying (worn)
 Y - a +2 pair of gloves (worn)
Jewellery
 e - a +2 ring of slaying (left hand)
 g - an amulet of regeneration (around neck)
 I - a ring of see invisible (right hand)
 J - an uncursed ring of protection from cold
 K - an uncursed ring of poison resistance
 S - an uncursed ring of resist corrosion
Wands
 C - a wand of random effects (23/48)
 F - a wand of random effects (22/48)
 N - a wand of hasting (5/9)
 V - a wand of disintegration (6/24)
 W - a wand of teleportation (8/9)
Scrolls
 h - a scroll of teleportation
 l - 2 scrolls of blinking
 m - 3 scrolls of identify
 q - 19 scrolls of remove curse
 w - 3 scrolls of fog
 x - 7 scrolls of recharging
 y - 2 scrolls of holy word
 B - 6 scrolls of amnesia
 M - 3 scrolls of fear
 T - 2 scrolls of summoning
 U - a scroll of enchant weapon
Potions
 d - 4 potions of cure mutation
 i - 3 potions of brilliance
 n - 14 potions of curing
 o - 3 potions of flight
 p - 5 potions of cancellation
 r - 5 potions of haste
 s - 3 potions of mutation
 v - 3 potions of berserk rage
 D - 4 potions of magic
 G - a potion of resistance
 P - a potion of invisibility
 Q - a potion of ambrosia
 R - 2 potions of might
Comestibles
 a - 2 fruits
 f - 18 bread rations
 j - 4 chunks of flesh
 k - 17 slices of pizza
 t - 8 meat rations
 u - 2 royal jellies
 z - 12 beef jerkies


   Skills:
 + Level 19.8(24.8) Fighting
 + Level 21.9(26.9) Maces & Flails
 + Level 17.8(22.8) Armour
 + Level 16.1(21.1) Dodging
   Level 3.6(8.6) Shields
 - Level 11.2 Invocations


You had 18 spell levels left.
You didn't know any spells.

Dungeon Overview and Level Annotations

Branches:
Dungeon (15/15)            Temple (1/1) D:5            Lair (6/6) D:8
 Shoals (4/4) Lair:4        Snake (4/4) Lair:3        Slime (0/5) Lair:6
    Orc (2/2) D:10            Elf (0/3) Orc:2        Vaults (0/5) D:13
 Depths (3/5) D:15

Altars:
Fedhas
Makhleb
Nemelex Xobeh
Okawaru
Ru
Sif Muna
Trog
Xom
Yredelemnul
Zin
The Shining One

Shops:
Orc:2 (%[(   Shoals:1 [   Snake:1 !*   Snake:2 ([?:   Depths:1 =}=(
Depths:2 ?

Portals:
Hell: Depths:1

Annotations:
D:13 exclusion: obsidian statue
Lair:1 exclusion: oklob plant
Shoals:4 Ilsuiw


Innate Abilities, Weirdness & Mutations

You reflexively headbutt those who attack you in melee.
You have a pair of horns on your head.
You are partially covered in thin metallic scales. (AC +2)
You are somewhat resistant to further mutation.


Message History

The spriggan berserker barely misses you.
The spriggan air mage hits you but does no damage.
You hit the spriggan berserker.
You headbutt the spriggan berserker, but do no damage.
The spriggan berserker is severely wounded.
You completely miss the spriggan berserker.
You headbutt the spriggan berserker!
The spriggan berserker is almost dead.
The spriggan berserker hits you with a quarterstaff!!
* * * LOW HITPOINT WARNING * * *
You miss the spriggan berserker.
The spriggan berserker is almost dead.
The spriggan air mage completely misses you.
The stone giant hits you!!
* * * LOW HITPOINT WARNING * * *
You hit the spriggan berserker. You drain the spriggan berserker!
Your headbutt misses the spriggan berserker.
The spriggan berserker is almost dead.
The spriggan berserker hits you with a quarterstaff!
You die...

............###'###.###'
#....(....# #.# #.# #.
###.........# #.###.###.
.......(##..# #...+.'...
........##..# #####.####
.......(##..# #.#
#######.....#######'####
#(................
#@i...#######.#.##
#iC...# #.........
........#.........
##.....#.#.........
......#.#.........
.......<#.....)#..
.....#.##......###
......#..#...... .....#


You could see a stone giant, a spriggan berserker (berserk) and a spriggan air
mage.

Vanquished Creatures
  Vashnia (Snake:3)
  Bai Suzhen (Snake:4)
  Jorgrun (Snake:2)
  2 krakens (Shoals:2)
  Kirke (D:13)
  8 nagarajas
  A fire giant (D:15)
  2 frost giants
  3 very ugly things
  7 stone giants
  A dire elephant (Lair:6)
  3 ettins
  A fire dragon (Depths:3)
  Snorg (D:13)
  2 yaktaur captains (Depths:1)
  5 merfolk javelineers
  8 merfolk impalers
  2 great orbs of eyes (Depths:1)
  11 hydras
  3 rakshasas
  4 ice dragons
  2 catoblepae
  Harold (Lair:2)
  2 centaur warriors
  5 merfolk aquamancers
  11 naga warriors
  6 anacondas
  An alligator snapping turtle (Shoals:3)
  A death knight (D:15)
  6 satyrs
  A tengu warrior (Depths:3)
  7 death yaks (Lair:6)
  A deep troll earth mage (Depths:2)
  3 deep troll shamans
  2 ogre magi
  A spriggan berserker (Depths:2)
  6 shock serpents
  5 orc high priests (Orc:2)
  16 naga sharpshooters
  The ghost of deszczowiec the Conjurer, a novice DsWz of Vehumet (D:9)
  2 skeletal warriors (D:15)
  The ghost of Jynx the Basher, a novice DsBe of Trog (D:7)
  A salamander mystic (Snake:4)
  8 deep trolls (Depths:2)
  14 sea snakes
  5 unseen horrors
  4 naga ritualists
  An iron troll (Depths:2)
  A glowing orange brain (Depths:1)
  10 hill giants
  8 orc knights
  2 wizards
  11 harpies
  28 ugly things
  Pikel (D:6)
  7 mana vipers
  A necromancer (D:13)
  10 salamanders
  20 fauns
  5 centaur zombies
  4 cyclopes
  13 manticores
  6 sirens
  18 elephants
  5 guardian serpents
  16 naga magi
  6 water nymphs
  An eye of devastation (Lair:6)
  34 black mambas
  2 gargoyles
  12 spiny frogs
  A torpor snail (Lair:6)
  2 rime drakes (Lair:3)
  A freezing wraith (D:15)
  An efreet (D:15)
  8 yaktaurs
  13 komodo dragons
  A kobold demonologist (D:14)
  6 trolls
  3 harpy zombies (Shoals:2)
  5 polar bears
  A tengu conjurer (D:15)
  5 wind drakes
  4 hornets
  A troll (shapeshifter) (D:15)
  9 slime creatures
  4 two-headed ogres
  29 merfolk
  6 dream sheep
  13 blink frogs
  5 snapping turtles
  18 hippogriffs
  Sigmund (D:7)
  13 water elementals
  2 spriggans (Depths:3)
  3 wraiths
  28 yaks
  4 hungry ghosts
  3 basilisks
  2 fire bats (Lair:6)
  A wyvern (D:11)
  5 hogs
  A human (D:9)
  A steam dragon (D:13)
  A mottled dragon (D:15)
  A warg (Orc:1)
  Edmund (D:7)
  62 nagas
  2 soldier ants
  11 water moccasins
  A floating eye (Depths:2)
  A floating eye (shapeshifter) (D:15)
  6 porcupines
  34 orc warriors
  3 ice beasts
  3 slaves (D:6)
  2 eyes of draining
  5 sky beasts
  4 black bears
  2 phantoms (D:10)
  A necrophage (D:12)
  19 ogres
  3 boggarts (Depths:1)
  19 wolves
  12 centaurs
  15 crocodiles
  2 big kobolds
  28 bullfrogs
  2 hippogriff zombies (Shoals:2)
  A wyvern zombie (D:11)
  2 scorpions
  A troll zombie (D:10)
  10 killer bees
  2 howler monkeys (D:4)
  20 wights
  An electric eel (Lair:1)
  5 crimson imps
  5 lava snakes
  A quasit (D:5)
  A bullfrog skeleton (D:6)
  19 orc wizards
  30 orc priests
  2 hounds
  5 jellies
  3 centaur skeletons
  An iron imp (Depths:1)
  3 iguanas
  10 worker ants
  5 ogre zombies (D:10)
  A hound skeleton (D:5)
  2 worker ant zombies
  A howler monkey skeleton (D:6)
  11 adders
  2 river rats (D:8)
  A shadow imp (D:11)
  An ooze (D:4)
  An adder skeleton (D:9)
  3 worms (D:3)
  3 dart slugs
  2 leopard geckos
  81 orcs
  3 ball pythons
  5 giant cockroaches
  8 goblins
  5 hobgoblins
  4 jackals
  5 quokkas
  22 bats
  4 frilled lizards
  3 goblin zombies (D:10)
  A hobgoblin skeleton (D:10)
  5 hobgoblin zombies (D:10)
  17 kobolds
  2 orc skeletons (D:10)
  8 orc zombies (D:10)
  A quokka zombie (D:9)
  14 rats
  A bush (Shoals:1)
  A fire vortex (D:15)
  A fungus (Lair:3)
  2 plants
  3 tentacles (Shoals:2)
1194 creatures vanquished.

Vanquished Creatures (others)
  A black mamba (Snake:4)
  A slave (D:6)
  A boggart (Depths:1)
  A big kobold (D:6)
  17 kobolds (D:6)
  2 fungi
  12 plants
  12 tentacles (Shoals:2)
47 creatures vanquished.

Grand Total: 1241 creatures vanquished

Notes
Turn   | Place    | Note
-------+----------+-------------------------------------------
     0 | D:1      | Jynx the Minotaur Fighter began the quest for the Orb.
     0 | D:1      | Reached XP level 1. HP: 19/19 MP: 0/0
   101 | D:1      | Reached skill level 3 in Maces & Flails
   107 | D:1      | Reached XP level 2. HP: 22/27 MP: 1/1
   552 | D:2      | Reached XP level 3. HP: 33/33 MP: 2/2
   810 | D:2      | Found a sacrificial altar of Ru.
   811 | D:2      | Reached skill level 4 in Maces & Flails
   824 | D:2      | Reached XP level 4. HP: 41/41 MP: 3/3
  1394 | D:3      | Reached skill level 5 in Fighting
  1613 | D:3      | Reached skill level 5 in Maces & Flails
  1613 | D:3      | Reached XP level 5. HP: 42/48 MP: 4/4
  2156 | D:4      | Reached skill level 6 in Maces & Flails
  2176 | D:4      | Reached XP level 6. HP: 56/57 MP: 5/5
  2307 | D:4      | Reached skill level 7 in Maces & Flails
  2658 | D:5      | Entered Level 5 of the Dungeon
  2777 | D:5      | Noticed an ice beast
  2782 | D:5      | Killed an ice beast
  2782 | D:5      | Reached XP level 7. HP: 51/64 MP: 6/6
  2813 | D:5      | Reached skill level 8 in Maces & Flails
  3213 | D:5      | Reached skill level 9 in Maces & Flails
  3218 | D:5      | Found a staircase to the Ecumenical Temple.
  3227 | Temple   | Entered the Ecumenical Temple
  3246 | Temple   | Became a worshipper of Warmaster Okawaru
  3338 | D:6      | Noticed Pikel
  3436 | D:6      | Reached XP level 8. HP: 73/74 MP: 7/7
  3611 | D:6      | Killed Pikel
  3611 | D:6      | Reached * piety under Okawaru
  3611 | D:6      | Reached skill level 10 in Maces & Flails
  4096 | D:6      | Reached skill level 11 in Maces & Flails
  4420 | D:7      | Noticed Edmund
  4427 | D:7      | Killed Edmund
  4427 | D:7      | Reached XP level 9. HP: 77/83 MP: 8/8
  4448 | D:7      | Noticed Sigmund
  4451 | D:7      | Killed Sigmund
  4491 | D:7      | Noticed Jynx's ghost (novice DsBe)
  4495 | D:7      | Reached ** piety under Okawaru
  4519 | D:7      | Reached skill level 12 in Maces & Flails
  4537 | D:7      | Killed Jynx's ghost
  4537 | D:7      | Reached skill level 10 in Fighting
  4581 | D:7      | Reached skill level 13 in Maces & Flails
  4881 | D:7      | Reached *** piety under Okawaru
  5175 | D:8      | Reached XP level 10. HP: 82/94 MP: 9/9
  5727 | D:8      | Found a staircase to the Lair.
  5988 | D:9      | Reached skill level 14 in Maces & Flails
  6095 | D:9      | Noticed deszczowiec's ghost (novice DsWz)
  6115 | D:9      | Killed deszczowiec's ghost
  6115 | D:9      | Reached **** piety under Okawaru
  6617 | D:9      | Reached skill level 15 in Maces & Flails
  6873 | D:10     | Entered Level 10 of the Dungeon
  6907 | D:10     | Found a staircase to the Orcish Mines.
  7075 | D:10     | Reached ***** piety under Okawaru
  7199 | D:10     | Reached XP level 11. HP: 104/104 MP: 10/10
  7233 | D:10     | Reached skill level 1 in Dodging
  7291 | D:10     | Noticed a hill giant
  7303 | D:10     | Killed a hill giant
  7449 | D:10     | Noticed an unseen horror
  7458 | D:10     | Killed an unseen horror
  7538 | D:10     | Noticed an unseen horror
  7538 | D:10     | Noticed a hill giant
  7546 | D:10     | Killed a hill giant
  7552 | D:10     | Killed an unseen horror
  7552 | D:10     | Reached skill level 16 in Maces & Flails
  7552 | D:10     | Reached skill level 5 in Armour
  7571 | D:10     | Noticed a white ugly thing
  7579 | D:10     | Killed a white ugly thing
  7951 | Lair:1   | Entered Level 1 of the Lair of Beasts
  7977 | Lair:1   | Received a gift from Okawaru
  8051 | Lair:1   | Noticed a six-headed hydra
  8173 | Lair:1   | Killed a six-headed hydra
  8228 | Lair:1   | Noticed a six-headed hydra
  8234 | Lair:1   | Killed a six-headed hydra
  8263 | Lair:1   | Noticed an oklob plant
  8793 | Lair:1   | Reached skill level 5 in Dodging
  9207 | Lair:2   | Reached ****** piety under Okawaru
  9207 | Lair:2   | Reached XP level 12. HP: 106/115 MP: 11/11
  9260 | Lair:2   | Noticed a catoblepas
  9270 | Lair:2   | Killed a catoblepas
  9526 | Lair:2   | Received a gift from Okawaru
  9635 | Lair:2   | Noticed Harold
  9643 | Lair:2   | Killed Harold
  9857 | Lair:2   | Noticed an eight-headed hydra
  9865 | Lair:2   | Killed an eight-headed hydra
 10138 | Lair:3   | Noticed an eight-headed hydra
 10143 | Lair:3   | Killed an eight-headed hydra
 10143 | Lair:3   | Reached skill level 17 in Maces & Flails
 10386 | Lair:3   | Found a staircase to the Snake Pit.
 10471 | Lair:3   | Received a gift from Okawaru
 10752 | Lair:3   | Reached XP level 13. HP: 119/124 MP: 12/12
 11372 | Lair:4   | Reached skill level 10 in Armour
 11507 | Lair:4   | Found a staircase to the Shoals.
 12854 | Lair:6   | Entered Level 6 of the Lair of Beasts
 12974 | Lair:6   | Received a gift from Okawaru
 13102 | Lair:6   | Reached skill level 18 in Maces & Flails
 13274 | Lair:6   | Reached skill level 15 in Fighting
 13752 | Lair:6   | Reached skill level 10 in Dodging
 13841 | Lair:6   | Found a staircase to the Slime Pits.
 13854 | Lair:6   | Reached XP level 14. HP: 112/135 MP: 10/13
 13870 | Lair:6   | Received a gift from Okawaru
 14588 | Orc:1    | Entered Level 1 of the Orcish Mines
 15070 | Orc:2    | Entered Level 2 of the Orcish Mines
 15070 | Orc:2    | Found a staircase to the Elven Halls.
 15101 | Orc:2    | Received a gift from Okawaru
 16203 | Orc:2    | Reached skill level 1 in Invocations
 16711 | Orc:2    | Found Tyacreq's Antique Weapon Boutique.
 16714 | Orc:2    | Found Lom Meha's Armour Shop.
 16715 | Orc:2    | Found Xedeiqo's Weapon Boutique.
 16716 | Orc:2    | Found Ceor Ama's Food Boutique.
 17850 | D:12     | Received a gift from Okawaru
 18109 | D:12     | Reached skill level 19 in Maces & Flails
 18240 | D:12     | Reached XP level 15. HP: 144/144 MP: 16/16
 18626 | D:13     | Noticed Snorg
 18642 | D:13     | Killed Snorg
 18945 | D:13     | Found a gate to the Vaults.
 19037 | D:13     | Noticed Kirke
 19053 | D:13     | Killed Kirke
 20316 | D:15     | Entered Level 15 of the Dungeon
 20332 | D:15     | Received a gift from Okawaru
 20521 | D:15     | Reached skill level 5 in Invocations
 20672 | D:15     | Found a staircase to the Depths.
 20696 | D:15     | Noticed a fire giant
 20711 | D:15     | Killed a fire giant
 21176 | D:15     | Paralysed by a floating eye for 3 turns
 21504 | Snake:1  | Entered Level 1 of the Snake Pit
 21514 | Snake:1  | Found Finait's Distillery.
 21525 | Snake:1  | Found Gijih's General Store.
 21792 | Snake:1  | Gained mutation: You are partially covered in thin metallic scales. (AC +2) [potion of beneficial mutation]
 21793 | Snake:1  | Gained mutation: You are somewhat resistant to further mutation. [potion of beneficial mutation]
 22404 | Snake:2  | Noticed Jorgrun
 22416 | Snake:2  | Killed Jorgrun
 22615 | Snake:2  | Received a gift from Okawaru
 22627 | Snake:2  | Noticed a nagaraja
 22634 | Snake:1  | Reached XP level 16. HP: 38/154 MP: 19/19
 22912 | Snake:2  | Found a flickering gateway to a bazaar.
 22926 | Bazaar   | Entered a bazaar
 22934 | Bazaar   | Found Nyzel's Magic Scroll Boutique.
 22934 | Bazaar   | Found Dejauw's Distillery.
 22940 | Bazaar   | Bought a potion of experience for 500 gold pieces
 22962 | Bazaar   | Found Quuklup's Food Shop.
 22977 | Bazaar   | Found Fangih's Assorted Antiques.
 23012 | Bazaar   | Reached XP level 17. HP: 161/161 MP: 20/20
 23065 | Snake:2  | Received a gift from Okawaru
 23095 | Snake:2  | Found Arpho Zam's Antique Armour Boutique.
 23101 | Snake:2  | Found Xiwi's Book Shop.
 23101 | Snake:2  | Found Xola's Weapon Boutique.
 23107 | Snake:2  | Bought a pair of runed boots for 399 gold pieces
 23107 | Snake:2  | Bought a pair of embroidered gloves for 399 gold pieces
 23117 | Snake:2  | Found Hoabeum's Magic Scroll Shop.
 23170 | Snake:2  | Bought the +8 morningstar "Imp's Foe" {holy, rElec rN++ Stlth-} for 1124 gold pieces
 23581 | Snake:2  | Reached skill level 20 in Maces & Flails
 23698 | Snake:2  | Reached skill level 15 in Armour
 24362 | Snake:3  | Got a twisted cloak
 24373 | Snake:3  | Identified the +0 cloak "Buovek" {Dex+3} (You found it on level 3 of the Snake Pit)
 24440 | Snake:3  | Received a gift from Okawaru
 24464 | Snake:3  | Noticed Vashnia
 24482 | Snake:3  | Killed Vashnia
 25596 | Snake:4  | Entered Level 4 of the Snake Pit
 25596 | Snake:4  | Noticed Bai Suzhen
 25615 | Snake:4  | Killed Bai Suzhen
 25898 | Snake:4  | Found a basalt altar of Yredelemnul.
 26117 | Snake:4  | Received a gift from Okawaru
 26688 | Snake:4  | Reached XP level 18. HP: 161/172 MP: 15/23
 27500 | Snake:4  | Got a serpentine rune of Zot
 28129 | Shoals:1 | Entered Level 1 of the Shoals
 28129 | Shoals:1 | Found Guoleb's Armour Emporium.
 28857 | Shoals:1 | Received a gift from Okawaru
 29694 | Shoals:2 | Reached skill level 21 in Maces & Flails
 30244 | Shoals:3 | Received a gift from Okawaru
 30252 | Shoals:3 | Got a fine cloak {god gift}
 30263 | Shoals:3 | Identified the +0 cloak "Dehuoj" {MR+ Regen+ Str-4 Slay+3} (Okawaru gifted it to you on level 3 of the Shoals)
 30285 | Shoals:3 | Found a frozen archway.
 30346 | Shoals:3 | Reached skill level 15 in Dodging
 30346 | Shoals:3 | Reached skill level 10 in Invocations
 31225 | Shoals:4 | Entered Level 4 of the Shoals
 31703 | Shoals:4 | Reached XP level 19. HP: 55/182 MP: 17/25
 32203 | Shoals:4 | Found Vuogubul's Distillery.
 32204 | Shoals:4 | Noticed Ilsuiw
 32800 | Shoals:4 | Got a barnacled rune of Zot
 33167 | Depths:1 | Entered Level 1 of the Depths
 33319 | Depths:1 | Found a gateway to Hell.
 33668 | Depths:1 | Found Ugo Taymno's Weapon Emporium.
 34072 | Depths:1 | Found a blossoming altar of Fedhas.
 34165 | Depths:1 | Found Wyodi's Jewellery Boutique.
 34165 | Depths:1 | Found Utaegab's Gadget Shoppe.
 34166 | Depths:1 | Found Zealirid's Jewellery Boutique.
 34233 | Depths:1 | Received a gift from Okawaru
 35043 | Depths:2 | Found Garulaev's Magic Scroll Shoppe.
 35613 | Depths:3 | HP: 7/184 [stone giant (20)]
 35614 | Depths:3 | Mangled by a spriggan berserker

Skill      XL: |  1  2  3  4  5  6  7  8  9 10 11 12 13 14 15 16 17 18 19 |
---------------+----------------------------------------------------------+-----
Maces & Flails | 3 4 5 6 7 9 11 13 15 16 17 18 19 20 21 | 21.9
Fighting       | 4 5 6 7 9 10 11 13 14 15 16 17 18 19 | 19.8
Dodging        | 5 8 10 11 12 13 14 15 16 | 16.1
Armour         | 7 9 11 13 14 15 16 17 | 17.8
Invocations    | 3 6 8 10 11 | 11.2
Shields        | |  3.6

Action                   |  1- 3 |  4- 6 |  7- 9 | 10-12 | 13-15 | 16-18 | 19-21 || total
-------------------------+-------+-------+-------+-------+-------+-------+-------++-------
Melee: Flail             |    64 |    35 |       |       |       |       |       ||    99
       Headbutt          |    11 |    17 |    46 |   105 |   313 |   259 |   163 ||   914
       Morningstar       |       |    91 |   149 |       |       |   354 |       ||   594
       Dire flail        |       |       |    69 |   495 |   353 |       |       ||   917
       Great mace        |       |       |       |       |   968 |   583 |   507 ||  2058
       Punch             |       |       |       |       |       |     6 |       ||     6
Invok: Heroism           |       |       |       |    12 |    28 |    35 |    10 ||    85
       Finesse           |       |       |       |       |     4 |    14 |     7 ||    25
Evoke: Wand              |       |       |       |     2 |       |     1 |     2 ||     5
  Use: Scroll            |     5 |     8 |       |    14 |    19 |    12 |     2 ||    60
       Potion            |       |       |     2 |       |     2 |     5 |       ||     9
 Stab: Paralysed         |       |     1 |       |       |       |       |       ||     1
  Eat: Chunk             |       |     6 |     8 |    18 |    37 |    19 |    12 ||   100
       Fruit             |       |       |       |     2 |     1 |    13 |     1 ||    17
       Pizza             |       |       |       |     1 |       |       |       ||     1
Armor: Scale mail        |    35 |    49 |    49 |       |       |       |       ||   133
       Chain mail        |       |       |    46 |   138 |       |       |       ||   184
       Plate armour      |       |       |       |    64 |   613 |   499 |   206 ||  1382
Dodge: Dodged            |    34 |    58 |    79 |   213 |   653 |   695 |   331 ||  2063
